 Dungeon Crawl Stone Soup version 0.31-a0-496-g6f97920a28 (webtiles) character file.

Game seed: 8125479781317617621

1764 jasper the Ruffian (level 8, -3/60 (67) HPs)
             Began as a Yellow Draconian Shapeshifter on Aug 8, 2023.
             Was an Initiate of Yredelemnul.
             Slain by Duvessa
             ... wielding a +3 short sword of draining
              (11 damage)
             ... on level 5 of the Dungeon.
             The game lasted 00:06:12 (3971 turns).

jasper the Ruffian (Yellow Draconian Shapeshifter)  Turns: 3971, Time: 00:06:13

HP:   -3/60 (67)    AC:  6    Str: 18    XL:     8   Next: 79%
MP:   8/8           EV: 27    Int: 16    God:    Yredelemnul [......]
Gold: 316           SH:  5    Dex:  8    Spells: 7/7 levels left

rFire   . . .        e - +9 sling of Cuuhup Wiy {flame, rPois Will+ Int+7 Dex-5}
rCold   . . .        p - +2 buckler
rNeg    . . .        (body armour unavailable)
rPois   +            (helmet currently unavailable)
rElec   .            (cloak currently unavailable)
rCorr   +            (gloves currently unavailable)
SInv    .            (boots currently unavailable)
Will    +....        j - amulet of the acrobat
Stlth   +            (no ring)
HPRegen 0.30/turn    (no ring)
MPRegen 0.11/turn

%: acrobat
@: lit by a corona, about to teleport, short of breath, beast-form, acrobatic,
glowing, heavily drained
A: beast (slay +4), spit acid, AC +6, unfitting armour, cold-blooded, acid
resistance
a: Breathe Acid, Begin Untransformation, Renounce Religion, Recall Undead
Harvest


You were on level 5 of the Dungeon.
You worshipped Yredelemnul.
Yredelemnul was noncommittal.
You were a hulking beast.
You visited 1 branch of the dungeon, and saw 5 of its levels.

You collected 316 gold pieces.

Inventory:

Hand Weapons
 e - the +9 sling of Cuuhup Wiy (weapon) {flame, rPois Will+ Int+7 Dex-5}
   (You found it on level 3 of the Dungeon)

   Int:       It affects your intelligence (+7).
   Dex:       It affects your dexterity (-5).
   rPois:     It protects you from poison.
   Will:      It increases your willpower.
Missiles
 f - 14 poisoned darts
 g - 8 javelins
Armour
 p - a +2 buckler (worn)
 s - a +0 cloak
Jewellery
 j - an amulet of the acrobat (around neck)
 k - an amulet of magic regeneration
 l - a ring of wizardry
Talismans
 b - a beast talisman (active)
 c - a flux talisman
Scrolls
 m - 2 scrolls of teleportation
 t - a scroll of silence {unknown}
 u - 3 scrolls of blinking {unknown}
Potions
 a - 2 potions of lignification
 d - 2 potions of invisibility
 h - 2 potions of might
 i - a potion of mutation {unknown}
 n - a potion of enlightenment {unknown}
 o - a potion of curing {unknown}
 q - a potion of brilliance {unknown}
 r - a potion of attraction {unknown}


   Skills:
 + Level 4.9 Fighting
 + Level 4.4 Dodging
 * Level 7.3 Unarmed Combat
 * Level 6.3 Shapeshifting


You had 7 spell levels left.
You didn't know any spells.
Your spell library contained the following spells:

 Spells                   Type           Power      Damage    Failure   Level
 Apportation              Tloc           0%         N/A       32%         1
 Necrotise                Necr           0%         1d4       32%         1
 Summon Small Mammal      Summ           0%         N/A       32%         1


Dungeon Overview and Level Annotations

Branches:
Dungeon (5/15)
 Temple: D:4-7

Altars:
Gozag
Nemelex Xobeh
Qazlal
Wu Jian
Yredelemnul

Shops:
D:4 (

Annotations:
D:5 Duvessa


Innate Abilities, Weirdness & Mutations

You are a hulking beast.
Your limbs bulge with bestial killing power. (Slay +4)
You can spit globs of acid.
Your golden yellow scales are hard. (AC +6)
You cannot fit into any form of body armour.
You are cold-blooded and may be slowed by cold attacks.
You are resistant to acid. (rCorr)


Message History

Duvessa hits Dowan with a +3 short sword of draining!
Duvessa hits Dowan with a +3 short sword of draining!!
Dowan is destroyed!
Sigmund hits Duvessa but does no damage.
You can no longer trade souls for undead servants.
You swap places.
Something hits Sigmund!!
You swap places.
Something hits Sigmund!
Sigmund is destroyed!
Your howler monkey zombie hits Duvessa but does no damage.
Duvessa hits your iguana zombie with a +3 short sword of draining.
Your iguana zombie closely misses Duvessa.
Your howler monkey zombie closely misses Duvessa.
Duvessa hits your iguana zombie with a +3 short sword of draining!
Duvessa barely misses your iguana zombie.
Your howler monkey zombie barely misses Duvessa.
Duvessa hits your iguana zombie with a +3 short sword of draining!
Your iguana zombie is destroyed!
Your howler monkey zombie hits Duvessa.
Duvessa hits your howler monkey zombie with a +3 short sword of draining!
Your howler monkey zombie is destroyed!
Duvessa hits your jelly zombie with a +3 short sword of draining!
Your jelly zombie closely misses Duvessa.
Duvessa hits your jelly zombie with a +3 short sword of draining!!
Your jelly zombie is destroyed!
Press: ? - help, Shift-Dir - straight line, f - you, p - Duvessa Really target yourself?
Okay, then.
Okay, then.
Unknown command.
Okay, then.
Press: ? - help, Shift-Dir - straight line, f - Duvessa
Aim: Duvessa, wielding a +3 short sword of draining and wearing a +0 leather armour (heavily wounded, berserk, 69% to hit)
You spit a glob of acid.
The glob of acid misses Duvessa.
As you read the scroll of teleportation, it crumbles to dust.
You feel strangely unstable. You block Duvessa's attack.
You block Duvessa's attack. Duvessa attacks as you move away!
Duvessa hits you with a +3 short sword of draining!
You die...
Your body rises from the dead as a mindless zombie.

...
#Z##############
... #Z# #.# #.#
#.# #Z# #.# #Z#
#.# #.# #)# #.#
#.###########.#
#.........eh..#
###############


You could see Duvessa (berserk).

Vanquished Creatures
  Grinder (D:4)
  Sigmund (D:5)
  Eustachio (D:4)
  3 ogres (D:5)
  3 scorpions (D:5)
  Dowan (D:5)
  2 howler monkeys (D:5)
  2 jellies
  3 hounds
  An orc priest (D:5)
  Crazy Yiuf (D:4)
  6 iguanas (D:5)
  2 orc wizards
  9 adders
  An ufetubus (D:5)
  3 worms (D:2)
  A dart slug (D:4)
  7 orcs
  5 ball pythons
  2 bats (D:3)
  9 endoplasms
  4 giant cockroaches
  7 goblins
  6 hobgoblins
  9 jackals
  A quokka (D:5)
  5 frilled lizards
  6 kobolds
  5 rats
107 creatures vanquished.

Vanquished Creatures (collateral kills)
  An ice beast (D:5)
  A jelly (D:5)
  An orc (D:4)
3 creatures vanquished.

Vanquished Creatures (others)
  A scorpion zombie (D:5)
  A hound zombie (D:5)
  A howler monkey zombie (D:5)
  An adder zombie (D:5)
  An elf zombie (D:5)
  A human zombie (D:5)
  An iguana zombie (D:5)
  A jelly zombie (D:5)
  2 orc zombies
10 creatures vanquished.

Grand Total: 120 creatures vanquished

Notes
Turn   | Place    | Note
-------+----------+-------------------------------------------
     0 | D:1      | jasper the Draconian Shapeshifter began the quest for the
                  | Orb.
     0 | D:1      | Reached XP level 1. HP: 16/16 MP: 1/1
   181 | D:1      | Reached XP level 2. HP: 23/23 MP: 2/2
   321 | D:1      | You fall into a shaft and drop 1 floor!
   388 | D:2      | Reached XP level 3. HP: 24/28 MP: 3/3
   805 | D:2      | Reached XP level 4. HP: 36/36 MP: 4/4
  1194 | D:3      | Found an ornate altar of the Wu Jian Council.
  1285 | D:3      | Reached skill level 4 in Unarmed Combat
  1445 | D:3      | Found a sparkling altar of Nemelex Xobeh.
  1459 | D:3      | Found a basalt altar of Yredelemnul.
  1479 | D:3      | Reached XP level 5. HP: 37/39 MP: 5/5
  1490 | D:3      | Identified the +9 sling of Cuuhup Wiy {flame, rPois Will+
                  | Int+7 Dex-5}
  1495 | D:3      | Became a worshipper of Yredelemnul the Dark
  2215 | D:4      | Noticed Grinder
  2234 | D:4      | Killed Grinder
  2235 | D:4      | Reached skill level 5 in Unarmed Combat
  2235 | D:4      | Reached XP level 6. HP: 14/51 MP: 6/6
  2409 | D:4      | Found Dieli's Weapon Boutique.
  2521 | D:4      | Noticed Eustachio
  2529 | D:4      | Killed Eustachio
  2529 | D:4      | Reached * piety under Yredelemnul
  2530 | D:4      | Your scales start taking on a golden yellow colour.
  2530 | D:4      | Reached XP level 7. HP: 51/57 MP: 7/7
  2530 | D:4      | Gained mutation: You are resistant to acid. (rCorr) [Yellow
                  | Draconian growth]
  2601 | D:4      | Found a runed translucent door.
  2602 | D:4      | Noticed Crazy Yiuf
  2879 | D:4      | Killed Crazy Yiuf
  2991 | D:5      | Entered Level 5 of the Dungeon
  3143 | D:5      | Reached skill level 5 in Shapeshifting
  3152 | D:5      | Reached skill level 6 in Unarmed Combat
  3160 | D:5      | Reached XP level 8. HP: 66/66 MP: 8/8
  3334 | D:5      | Noticed Sigmund
  3342 | D:5      | Killed Sigmund
  3439 | D:5      | Reached ** piety under Yredelemnul
  3786 | D:5      | Reached skill level 7 in Unarmed Combat
  3836 | D:5      | Found a stormy altar of Qazlal.
  3896 | D:5      | Found an opulent altar of Gozag.
  3947 | D:5      | Noticed Dowan
  3948 | D:5      | Noticed Duvessa
  3953 | D:5      | Killed Dowan
  3956 | D:5      | Your ally Dowan died
  3958 | D:5      | Your ally Sigmund died
  3971 | D:5      | Slain by Duvessa

Illustrated notes

Levels and vault maps discovered:
D:1:      ebering_trefoil_twist, layout_basic, grunt_decor_fettered
D:2:      layout_loops_ring
D:3:      layout_loops_ring, pdpol_wu_jian_five_deadly_venoms,
          mainiacjoe_overflow_surrounded_room, mainiacjoe_overflow_boulevard
D:4:      layout_loops_ring, serial_forest, infiniplex_forest_zigzag_1,
          infiniplex_forest_clump_curved, infiniplex_forest_straight_3,
          infiniplex_forest_straight_4, infiniplex_forest_clump_long,
          infiniplex_forest_clump_small, infiniplex_forest_side_room,
          infiniplex_forest_fountain, infiniplex_forest_lined_1,
          infiniplex_forest_clump_large, serial_shops, nicolae_shop_trees,
          corexii_item_surrounded_by_moat, kennysheep_generic_room_5,
          uniq_eustachio, uniq_grinder, uniq_crazy_yiuf_cottage
D:5:      layout_basic, mainiacjoe_overflow_tiny_flanked, minmay_ruined_shrine,
          uniq_sigmund, uniq_blork_the_orc, uniq_duvessa

Skill      XL: |  1  2  3  4  5  6  7  8 |
---------------+-------------------------+-----
Dodging        | 2 3 4 |  4.4
Fighting       | 2 3 4 |  4.9
Unarmed Combat | 4 5 6 7 |  7.3
Shapeshifting  | 4 5 6 |  6.3

Action                     |  1- 3 |  4- 6 |  7- 9 || total
---------------------------+-------+-------+-------++-------
  Melee: Unarmed           |    93 |    64 |     4 ||   161
         Tailslap          |     6 |     6 |     2 ||    14
         Punch             |     1 |     2 |       ||     3
   Fire: Sling             |       |    34 |    92 ||   126
 Invoke: Dark Bargain      |       |       |     2 ||     2
Ability: Breathe Acid      |       |       |     3 ||     3
    Use: Scroll            |       |     2 |     3 ||     5
 Armour: Skin              |    18 |    14 |    13 ||    45
  Dodge: Dodged            |    62 |    31 |    26 ||   119
  Block: Buckler           |       |     2 |    19 ||    21

Table legend: (Time is in decaauts)
 A = Elapsed time spent in this place.
 B = Non-inter-level travel time spent in this place.
 C = Inter-level travel time spent in this place.
 D = Time resting spent in this place.
 E = Time spent auto-exploring this place.
 F = Levels seen in this place.
 G = Mean time per level.
                   A        B        C        D        E       F      G
               +--------+--------+--------+--------+--------+-----+--------+
         Total |   4010 |   3905 |    105 |    264 |   2853 |   5 |  802.0 |
       Dungeon |   4010 |   3905 |    105 |    264 |   2853 |   5 |  802.0 |
               +--------+--------+--------+--------+--------+-----+--------+

Top non-repeatable levels by time:
     D:4: 1182 daAuts
     D:5: 1016 daAuts
     D:2: 824 daAuts
     D:3: 669 daAuts
     D:1: 318 daAuts
